[Event "Titled Tuesday Blitz December 13 Early 2022"]
[White "Odegov, Artem"]
[Black "Berezin, Viktor"]
[WhiteFideId "34183644"]
[BlackFideId "14107872"]
[WhiteElo "2300"]
[BlackElo "2310"]
[Result "1-0"]
[Round "07"]
[TimeControl "180+1"]
[Date "2022.12.14"]
[WhiteClock "0:01:08"]
[BlackClock "0:00:04"]

1. d4 Nf6 2. c4 g6 3. Nc3 Bg7 4. e4 O-O 5. h3 d6 6. Be3 e5 7. d5 c5 8. g4 a6 9. a4 Ne8 10. Bd3 Nc7 11. Nge2 b5 12. axb5 axb5 13. Rxa8 Nxa8 14. cxb5 Nb6 15. Ng3 N8d7 16. Qe2 Qc7 17. f3 c4 18. Bc2 Nc5 19. h4 Bd7 20. h5 Nd3+ 21. Bxd3 cxd3 22. Qxd3 Nc4 23. Bc1 Qc5 24. Nf1 Bxb5 25. Nxb5 Qxb5 26. Nd2 Rc8 27. Ke2 Qb4 28. Nxc4 Rxc4 29. Bd2 Qc5 30. b4 Qc7 31. Ra1 h6 32. hxg6 fxg6 33. b5 Rc5 34. Ra6 Kh7 35. Rc6 Rxc6 36. bxc6 h5 37. gxh5 gxh5 38. Qb5 Bf6 39. Ba5 Qg7 40. Qb7 Be7 41. Qb6 Bh4 42. Be1 Qg2+ 43. Bf2 Bxf2 44. Qxf2 Qg7 45. Kd3 Qc7 46. Qb2 Qa5 47. Qb7+ Kg6 48. c7 Qa3+ 49. Kc4 Qa4+ 50. Qb4 Qa6+ 51. Kc3 Qa1+ 52. Kd2 Qa2+ 53. Kc1 Qa6 54. Qc3 Qc8 55. Qc6 h4 56. Qxd6+ Kh5 57. Qxe5+ Kg6 58. Qe6+ 1-0


[Site "https://www.chess.com"]

[Event "Titled Tuesday Blitz December 13 Early 2022"]
[White "Ohanyan, Emin"]
[Black "Lenderman, Aleksandr"]
[WhiteFideId "13312022"]
[BlackFideId "2021285"]
[WhiteElo "2352"]
[BlackElo "2607"]
[Result "1-0"]
[Round "07"]
[TimeControl "180+1"]
[Date "2022.12.13"]
[WhiteClock "0:01:01"]
[BlackClock "0:02:30"]

1. e4 e5 2. Nc3 Nf6 3. Bc4 Nxe4 4. Qh5 Nd6 5. Qxe5+ Qe7 6. Qxe7+ Bxe7 7. Bb3 O-O 8. d4 Nf5 9. Nge2 c6 10. d5 Na6 11. Bf4 Nc5 12. O-O-O a5 13. Rhe1 Bf6 14. g4 Nh4 15. Bd6 Nxb3+ 16. axb3 Rd8 17. Ng1 g5 18. Ne4 Bg7 19. Be7 Re8 20. Nd6 Rxe7 21. Rxe7 Bf8 22. Re8 1-0


[Site "https://www.chess.com"]

[Event "Titled Tuesday Blitz December 13 Early 2022"]
[White "Osmak, Yuliia"]
[Black "Goltsev, Dmitry"]
[WhiteFideId "14101602"]
[BlackFideId "24176710"]
[WhiteElo "2328"]
[BlackElo "2327"]
[Result "1-0"]
[Round "07"]
[TimeControl "180+1"]
[Date "2022.12.14"]
[WhiteClock "0:00:18"]
[BlackClock "0:00:04"]

1. e4 e6 2. d4 d5 3. e5 c5 4. c3 Nc6 5. Nf3 Nge7 6. Bd3 cxd4 7. cxd4 Nf5 8. Bxf5 exf5 9. O-O Be7 10. Nc3 g5 11. Qd3 g4 12. Ne1 Be6 13. Be3 a6 14. Qd2 h5 15. Nd3 Rc8 16. Nf4 b5 17. Rac1 Na5 18. b3 Ba3 19. Rc2 Bb4 20. Qd3 h4 21. Ncxd5 Rxc2 22. Nf6+ Kf8 23. Qxc2 Kg7 24. d5 Bc8 25. Bd4 Be6 26. Bb2 Qc8 27. Qe2 Bc3 28. dxe6 fxe6 29. Nxe6+ Qxe6 30. Bxc3 Nc6 31. Rd1 Rd8 32. Rxd8 Nxd8 33. Qd2 Nc6 34. Qd7+ Qxd7 35. Nxd7 Kf7 36. Nc5 a5 37. f3 g3 38. hxg3 hxg3 39. f4 b4 40. Bb2 Ne7 41. Kf1 Nd5 42. Bc1 Nc3 43. Bd2 Nb1 44. Ke2 Ke7 45. Be1 Kf7 46. Kf3 Ke7 47. Kxg3 Na3 48. Kf3 Nc2 49. Bf2 Na3 50. Nb7 Nb1 51. Nxa5 Nc3 52. Nc6+ Ke6 53. Nxb4 Nb5 54. a4 Na3 55. a5 Nb1 56. a6 Nd2+ 57. Ke2 Nxb3 58. a7 Na5 59. a8=Q Nb7 60. Qe8# 1-0


[Site "https://www.chess.com"]

[Event "Titled Tuesday Blitz December 13 Early 2022"]
[White "Pajeken, Jakob Leon"]
[Black "Baches Garcia, Guillermo"]
[WhiteFideId "12942839"]
[BlackFideId "2209764"]
[WhiteElo "2414"]
[BlackElo "2476"]
[Result "1-0"]
[Round "07"]
[TimeControl "180+1"]
[Date "2022.12.14"]
[WhiteClock "0:00:08"]
[BlackClock "0:00:06"]

1. d4 Nf6 2. Nf3 e6 3. g3 d5 4. c4 Be7 5. Nc3 O-O 6. Bg2 c6 7. O-O b6 8. Qd3 Bb7 9. e4 Nbd7 10. e5 Ne8 11. h4 h6 12. Rd1 Nc7 13. Bf4 c5 14. Qd2 Kh7 15. Qc2+ Kg8 16. dxc5 Nxc5 17. Nd4 Rc8 18. Qe2 Qd7 19. Qg4 Kh8 20. Qh5 Kh7 21. Nf3 Qe8 22. cxd5 Nxd5 23. Ng5+ Kg8 24. Bxd5 Bxd5 25. Rxd5 exd5 26. Nxd5 Ne6 27. Nf6+ Bxf6 28. exf6 Nxf4 29. gxf4 hxg5 30. Qxg5 1-0


[Site "https://www.chess.com"]

[Event "Titled Tuesday Blitz December 13 Early 2022"]
[White "Papasimakopoulos, Alexandros"]
[Black "Abasov, Nijat"]
[WhiteFideId "4244125"]
[BlackFideId "13402960"]
[WhiteElo "2384"]
[BlackElo "2546"]
[Result "1-0"]
[Round "07"]
[TimeControl "180+1"]
[Date "2022.12.13"]
[WhiteClock "0:00:22"]
[BlackClock "0:00:08"]

1. d4 Nf6 2. c4 e6 3. Nc3 Bb4 4. Qc2 d5 5. cxd5 Qxd5 6. Nf3 Qf5 7. Qxf5 exf5 8. a3 Be7 9. Bf4 c6 10. e3 Be6 11. Bd3 h6 12. h3 Nbd7 13. Ke2 Nb6 14. Rhc1 O-O 15. Be5 Rfe8 16. Nd2 Nfd7 17. Bh2 g5 18. Kf1 Kg7 19. b4 a5 20. b5 c5 21. Ne2 Rac8 22. Nc4 Na4 23. Nxa5 Nb2 24. Bc2 b6 25. Nc6 Bf6 26. a4 f4 27. exf4 cxd4 28. Nexd4 Bc4+ 29. Kg1 Nd3 30. Rd1 N7c5 31. Rab1 Kf8 32. Nf5 Re6 33. fxg5 hxg5 34. Nd6 Rxd6 35. Bxd6+ Kg7 36. a5 bxa5 37. Nxa5 Ba2 38. Bxd3 Nxd3 39. b6 Bxb1 40. b7 Rd8 41. Rxb1 1-0


[Site "https://www.chess.com"]

[Event "Titled Tuesday Blitz December 13 Early 2022"]
[White "Paravyan, David"]
[Black "Khoroshev, Nikita"]
[WhiteFideId "4194985"]
[BlackFideId "14200287"]
[WhiteElo "2551"]
[BlackElo "2354"]
[Result "1-0"]
[Round "07"]
[TimeControl "180+1"]
[Date "2022.12.13"]
[WhiteClock "0:00:35"]
[BlackClock "0:00:59"]

1. e4 e5 2. Nf3 Nc6 3. Nc3 Nf6 4. d4 Bb4 5. Nxe5 Qe7 6. Qd3 Nxe5 7. dxe5 Qxe5 8. Bd2 O-O 9. O-O-O d6 10. f3 Be6 11. a3 Bc5 12. Be3 Bxe3+ 13. Qxe3 a6 14. Be2 Rfe8 15. h4 Qa5 16. g4 b5 17. g5 Nd7 18. h5 b4 19. axb4 Qxb4 20. Qd4 a5 21. h6 Qxd4 22. Rxd4 g6 23. Bb5 Re7 24. Bxd7 Rxd7 25. Rhd1 Re7 26. f4 Ree8 27. b3 Rf8 28. e5 dxe5 29. fxe5 c5 30. Rd6 c4 31. bxc4 Bxc4 32. Ne4 a4 33. Nf6+ Kh8 34. Kb2 Be6 35. Rxe6 fxe6 36. Rd7 Rxf6 37. exf6 Kg8 38. Rg7+ Kh8 39. Re7 Kg8 40. Rxe6 Ra7 41. Ka3 Kf7 42. Re7+ Rxe7 43. fxe7 Kxe7 44. Kxa4 Ke6 45. c4 Kf5 46. c5 Kxg5 47. c6 Kxh6 48. c7 g5 49. c8=Q Kh5 50. Qh3+ 1-0


[Site "https://www.chess.com"]

[Event "Titled Tuesday Blitz December 13 Early 2022"]
[White "Pein, Jonathan"]
[Black "Ovchinnikov, Vsevolod"]
[WhiteFideId "417092"]
[BlackFideId "24176842"]
[WhiteElo "2225"]
[BlackElo "2376"]
[Result "1/2-1/2"]
[Round "07"]
[TimeControl "180+1"]
[Date "2022.12.14"]
[WhiteClock "0:00:42"]
[BlackClock "0:00:23"]

1. Nf3 Nf6 2. g3 g6 3. Bg2 d5 4. O-O Bg7 5. d3 O-O 6. c3 b6 7. a4 Bb7 8. a5 c5 9. axb6 axb6 10. Rxa8 Bxa8 11. Bg5 Nbd7 12. e3 e5 13. d4 e4 14. Ne5 h6 15. Nxd7 Qxd7 16. Bxf6 Bxf6 17. dxc5 bxc5 18. Bxe4 Rb8 19. Bg2 Rxb2 20. c4 Rb6 21. cxd5 Rd6 22. e4 Rb6 23. Nd2 Bb7 24. Nf3 Rb4 25. e5 Bg7 26. d6 Bxf3 27. Qxf3 Bxe5 28. Rd1 Rd4 29. Rxd4 cxd4 30. Qa8+ Kg7 31. Qd5 Qxd6 32. Qxd6 Bxd6 33. f4 d3 34. Kf1 Bc5 35. Be4 d2 36. Bc2 Kf6 37. Ke2 Bb4 38. Ke3 g5 39. fxg5+ Kxg5 40. Kf3 Kf6 41. Kf4 Bd6+ 42. Ke3 Bb4 43. Kf4 Ba5 44. h4 Bc7+ 45. Kf3 Ke5 46. g4 f6 47. h5 Kd4 48. Ke2 Bf4 49. Kd1 Ke3 50. Bf5 Bg5 51. Bc8 Kf3 52. Bf5 Kf2 53. Bc8 Kf3 54. Bf5 Kf2 55. Bc8 Kf3 1/2-1/2


[Site "https://www.chess.com"]

[Event "Titled Tuesday Blitz December 13 Early 2022"]
[White "Perez Rodriguez, Jennifer"]
[Black "Mendez Fortes, Eduardo Jesus"]
[WhiteFideId "3507831"]
[BlackFideId "3502376"]
[WhiteElo "2170"]
[BlackElo "2307"]
[Result "0-1"]
[Round "07"]
[TimeControl "180+1"]
[Date "2022.12.14"]
[WhiteClock "0:00:01"]
[BlackClock "0:01:22"]

1. e4 e5 2. Bc4 Nf6 3. Nc3 Nxe4 4. Qh5 Nd6 5. Qxe5+ Qe7 6. Qxe7+ Bxe7 7. Bb3 Nc6 8. Nf3 Na5 9. Nd5 Bd8 10. O-O Nxb3 11. Re1+ Kf8 12. axb3 c6 13. Nc3 Nf5 14. d4 d5 15. b4 Bf6 16. Be3 Nxe3 17. fxe3 Bf5 18. b5 Bxc2 19. bxc6 bxc6 20. Ra6 Rc8 21. Rxa7 g6 22. Rc1 Bf5 23. b4 Kg7 24. Na4 Rhe8 25. Kf2 Rb8 26. Rxc6 Rxb4 27. Rcc7 Rf8 28. Nc5 Rb2+ 29. Kg3 Bd8 30. Rcb7 Rxb7 31. Rxb7 Bf6 32. Nd7 Re8 33. Nde5 Be6 34. h3 Ra8 35. Rb5 Ra3 36. Kf2 h5 37. h4 Ra2+ 38. Kg3 Re2 39. Rb3 Bf5 40. Nc6 Be4 41. Nb4 Be7 42. Na6 Bd6+ 43. Kh3 Bf5+ 44. g4 hxg4# 0-1


[Site "https://www.chess.com"]

[Event "Titled Tuesday Blitz December 13 Early 2022"]
[White "Petrova, Irina"]
[Black "Javakhishvili, Lela"]
[WhiteFideId "14124122"]
[BlackFideId "13601458"]
[WhiteElo "2023"]
[BlackElo "2364"]
[Result "1/2-1/2"]
[Round "07"]
[TimeControl "180+1"]
[Date "2022.12.14"]
[WhiteClock "0:00:11"]
[BlackClock "0:00:08"]

1. e4 g6 2. d4 Bg7 3. Nc3 a6 4. Be3 b5 5. Qd2 Bb7 6. f3 d6 7. h4 h5 8. O-O-O b4 9. Nce2 a5 10. Nh3 Nd7 11. Kb1 Ngf6 12. Ng5 O-O 13. Nf4 e5 14. dxe5 Nxe5 15. Nd5 Ba6 16. Bxa6 Rxa6 17. Qe2 Ra8 18. g4 a4 19. gxh5 Nxh5 20. f4 Nd7 21. Qg2 c6 22. Ne6 fxe6 23. Qxg6 cxd5 24. Qxh5 Qf6 25. Bd4 e5 26. fxe5 dxe5 27. Be3 Qf3 28. Qg5 Nf6 29. Rhg1 Rf7 30. Rdf1 Nxe4 31. Qxg7+ Rxg7 32. Rxg7+ Kxg7 33. Rxf3 d4 34. Bg5 Nxg5 35. hxg5 Kg6 36. Rg3 Rf8 37. c3 b3 38. axb3 axb3 39. Kc1 Rf1+ 40. Kd2 Rf2+ 41. Kd3 Rxb2 42. cxd4 Rh2 43. Rg1 exd4 44. Kxd4 Rc2 45. Rb1 b2 46. Kd3 Rc1 47. Rxb2 Kxg5 48. Rc2 Rxc2 49. Kxc2 1/2-1/2


[Site "https://www.chess.com"]

[Event "Titled Tuesday Blitz December 13 Early 2022"]
[White "Pichot, Alan"]
[Black "Kazakouski, Valery"]
[WhiteFideId "110973"]
[BlackFideId "13507443"]
[WhiteElo "2561"]
[BlackElo "2516"]
[Result "0-1"]
[Round "07"]
[TimeControl "180+1"]
[Date "2022.12.13"]
[WhiteClock "0:00:01"]
[BlackClock "0:00:13"]

1. Nf3 d5 2. e3 Nf6 3. c4 e6 4. b3 b6 5. Bb2 Bb7 6. cxd5 exd5 7. g3 Be7 8. Bg2 O-O 9. O-O Nbd7 10. d4 Bd6 11. Nbd2 Qe7 12. Qc2 Rac8 13. Rac1 Rfe8 14. Qb1 Ne4 15. Nxe4 dxe4 16. Nd2 b5 17. a3 f5 18. b4 Bd5 19. Qc2 c6 20. Nb3 Nb6 21. Nc5 Nc4 22. Ra1 Nb6 23. a4 Bxc5 24. dxc5 Nxa4 25. Bd4 Qf7 26. h4 h6 27. Kh2 Kh7 28. Bh3 Ra8 29. f3 g6 30. h5 exf3 31. hxg6+ Kxg6 32. Rf2 Be4 33. Qd2 h5 34. Raf1 Qd5 35. Qd1 a5 36. Rxf3 Nc3 37. Bxf5+ Bxf5 38. Qe1 Qxd4 39. Rxf5 Rxe3 40. Rf6+ Kg7 41. Rf7+ Kg8 42. Qa1 Re2+ 43. Kh1 Qe4+ 44. R7f3 Rc2 45. bxa5 Rf8 0-1


[Site "https://www.chess.com"]

[Event "Titled Tuesday Blitz December 13 Early 2022"]
[White "Piorun, Kacper"]
[Black "Oganian, Miran"]
[WhiteFideId "1130420"]
[BlackFideId "4122488"]
[WhiteElo "2572"]
[BlackElo "2323"]
[Result "1-0"]
[Round "07"]
[TimeControl "180+1"]
[Date "2022.12.13"]
[WhiteClock "0:01:28"]
[BlackClock "0:01:55"]

1. d4 e6 2. e4 d5 3. Nc3 Bb4 4. exd5 exd5 5. Bd3 Ne7 6. Qf3 Nbc6 7. Ne2 Be6 8. a3 Bxc3+ 9. bxc3 Qd7 10. h3 O-O-O 11. O-O Bf5 12. Ng3 Bxd3 13. cxd3 h5 14. Nxh5 Kb8 15. Ng3 g6 16. Bg5 f5 17. Rfe1 Rde8 18. Ne2 Nc8 19. Nf4 Qd6 20. Rxe8 Rxe8 21. Qxd5 Qxd5 22. Nxd5 Re2 23. Nf4 Rc2 24. Nxg6 Rxc3 25. h4 Nxd4 26. h5 Ne6 27. Bf6 Rxd3 28. h6 Rd7 29. Re1 Nc5 30. Nf8 Rf7 31. Bg7 1-0


[Site "https://www.chess.com"]

[Event "Titled Tuesday Blitz December 13 Early 2022"]
[White "Postnikov, Artem"]
[Black "Urazayev, Arystanbek"]
[WhiteFideId "34153575"]
[BlackFideId "13709810"]
[WhiteElo "2243"]
[BlackElo "2463"]
[Result "0-1"]
[Round "07"]
[TimeControl "180+1"]
[Date "2022.12.14"]
[WhiteClock "0:00:10"]
[BlackClock "0:02:22"]

1. d4 d5 2. c4 e6 3. Nc3 c5 4. cxd5 exd5 5. Nf3 Nf6 6. g3 Nc6 7. Bg2 cxd4 8. Nxd4 Bc5 9. Nb3 Bb6 10. O-O d4 11. Na4 O-O 12. Bg5 h6 13. Bxf6 Qxf6 14. Nxb6 axb6 15. Bxc6 bxc6 16. Qxd4 Qd8 17. Qc3 c5 18. a3 Qe7 19. Rfe1 Bh3 20. Rad1 Rad8 21. Nd2 h5 22. Nf3 Rxd1 23. Rxd1 Qxe2 24. Re1 Qb5 25. Ng5 Bf5 26. Qe5 Bg6 27. Nh3 f6 28. Qc3 Re8 29. Rxe8+ Qxe8 30. Nf4 Bf7 31. h4 Qe4 32. b4 g5 33. hxg5 fxg5 34. bxc5 gxf4 35. c6 Bd5 36. f3 Qxf3 37. Qxf3 Bxf3 38. c7 Bb7 39. gxf4 Kf7 40. Kf2 h4 41. Kg1 Kf6 42. Kh2 Bc8 43. a4 Ke7 44. Kg2 Kd6 0-1


[Site "https://www.chess.com"]

[Event "Titled Tuesday Blitz December 13 Early 2022"]
[White "Prieto Aranguren, Alain"]
[Black "Baruch, Liam"]
[WhiteFideId "2268906"]
[BlackFideId "14322064"]
[WhiteElo "2209"]
[BlackElo "1969"]
[Result "0-1"]
[Round "07"]
[TimeControl "180+1"]
[Date "2022.12.14"]
[WhiteClock "0:00:22"]
[BlackClock "0:00:19"]

1. e4 e5 2. Ne2 Nc6 3. Nbc3 Nf6 4. g3 Bc5 5. Bg2 d6 6. O-O O-O 7. d3 Bg4 8. h3 Be6 9. Na4 Bb6 10. Nxb6 axb6 11. c3 Nd7 12. d4 Bc4 13. d5 Ne7 14. b3 Bxe2 15. Qxe2 f5 16. exf5 Nxf5 17. Be4 Ne7 18. Qg4 Nf6 19. Qe6+ Kh8 20. Bg2 Ng6 21. Bg5 Qe8 22. Qxe8 Raxe8 23. a4 Ra8 24. c4 h6 25. Be3 Ne7 26. g4 Ng6 27. Kh2 Nd7 28. Be4 Nf4 29. h4 Nc5 30. Bxc5 bxc5 31. a5 Ne2 32. g5 Rf4 33. f3 Rxh4+ 34. Kg2 Nf4+ 35. Kg3 Rh3+ 36. Kf2 hxg5 37. Rh1 Rh4 38. Ke3 Kg8 39. Rhg1 Rh5 40. Ra2 Kf7 41. Bf5 Kf6 42. Bg4 Rhh8 43. Ke4 Ra6 44. Rga1 Rha8 45. Ra4 Rh8 46. R4a2 b6 47. axb6 Rxa2 48. Rxa2 cxb6 49. Ke3 Rh1 50. Kf2 Rh2+ 51. Kg3 Rxa2 52. b4 Rg2# 0-1


[Site "https://www.chess.com"]

[Event "Titled Tuesday Blitz December 13 Early 2022"]
[White "Przybylski, Wojciech"]
[Black "Rustemov, Alexander"]
[WhiteFideId "1117599"]
[BlackFideId "4119002"]
[WhiteElo "2217"]
[BlackElo "2800"]
[Result "1/2-1/2"]
[Round "07"]
[TimeControl "180+1"]
[Date "2022.12.14"]
[WhiteClock "0:00:09"]
[BlackClock "0:00:13"]

1. e4 e6 2. d4 d5 3. Nc3 dxe4 4. Nxe4 Bd7 5. Nf3 Bc6 6. Bd3 Nd7 7. O-O Ngf6 8. Ned2 Be7 9. Re1 O-O 10. Nc4 Bd5 11. c3 c5 12. h3 Qc7 13. dxc5 Nxc5 14. Bf1 Rfd8 15. Qe2 Be4 16. Nce5 Nd3 17. Nxd3 Bxd3 18. Qe5 Qxe5 19. Nxe5 Bxf1 20. Kxf1 Nd5 21. a4 Rac8 22. a5 a6 23. Ra4 f6 24. Nf3 e5 25. g4 Kf7 26. Nh4 g6 27. Ng2 Bc5 28. f4 exf4 29. Nxf4 Nxf4 30. Rxf4 Rd3 31. Kg2 Rc6 32. Rf3 Rcd6 33. h4 Rxf3 34. Kxf3 Rd3+ 35. Ke4 Rg3 36. g5 Be7 37. Rd1 Ke6 38. Kf4 Rg2 39. Kf3 Rh2 40. Kg3 Rc2 41. Re1+ Kf7 42. gxf6 Bxf6 43. Rf1 Ke6 44. Re1+ Kd5 45. Rf1 Be5+ 46. Kf3 Rh2 47. Rd1+ Kc6 48. Re1 Bc7 49. Re4 Bxa5 50. b4 Bd8 51. Rc4+ Kb5 52. Rd4 Bxh4 53. Bf4 Rc2 54. Rd7 Rxc3+ 55. Kg4 g5 56. Rxb7+ Kc6 57. Rc7+ Kb5 58. Rxc3 gxf4 59. Kxh4 Kxb4 60. Rf3 a5 61. Rxf4+ Kb3 62. Kg3 a4 63. Kf3 a3 64. Rf7 a2 65. Rb7+ Ka3 66. Ra7+ Kb2 67. Kg4 a1=Q 68. Rxa1 Kxa1 69. Kh5 Kb2 70. Kh6 Kc3 71. Kxh7 1/2-1/2


[Site "https://www.chess.com"]

[Event "Titled Tuesday Blitz December 13 Early 2022"]
[White "Putnam, Liam"]
[Black "Yilmaz, Mustafa"]
[WhiteFideId "30938279"]
[BlackFideId "6302718"]
[WhiteElo "2082"]
[BlackElo "2564"]
[Result "0-1"]
[Round "07"]
[TimeControl "180+1"]
[Date "2022.12.13"]
[WhiteClock "0:00:04"]
[BlackClock "0:00:52"]

1. e4 c5 2. Nf3 d6 3. d4 cxd4 4. Nxd4 Nf6 5. Nc3 a6 6. h4 e5 7. Nb3 Be7 8. Be2 Be6 9. g4 h6 10. Be3 Nc6 11. Rg1 d5 12. exd5 Nxd5 13. Nxd5 Bxd5 14. g5 hxg5 15. hxg5 Be4 16. Qxd8+ Rxd8 17. c3 Rh4 18. Nd2 Bd5 19. O-O-O b5 20. Kb1 Rd6 21. Nf1 Be4+ 22. Kc1 Rxd1+ 23. Kxd1 Bd5 24. b3 Nd8 25. Ng3 g6 26. Kc2 Ne6 27. Nf1 Be4+ 28. Bd3 Bxd3+ 29. Kxd3 Bc5 30. Rg3 Ke7 31. b4 Bxe3 32. Nxe3 Nf4+ 33. Kd2 Ke6 34. Rg1 Rh5 35. c4 bxc4 36. Nxc4 Nh3 37. Re1 Rxg5 38. Re2 Nf4 39. Re3 Nd5 40. Rb3 Rg4 41. Kd3 Rd4+ 0-1


[Site "https://www.chess.com"]

[Event "Titled Tuesday Blitz December 13 Early 2022"]
[White "Rakhmanov, Aleksandr"]
[Black "Manelyuk, Daniil"]
[WhiteFideId "4173708"]
[BlackFideId "44173920"]
[WhiteElo "2530"]
[BlackElo "2210"]
[Result "1-0"]
[Round "07"]
[TimeControl "180+1"]
[Date "2022.12.14"]
[WhiteClock "0:01:49"]
[BlackClock "0:00:31"]

1. d4 Nf6 2. c4 c5 3. Nf3 cxd4 4. Nxd4 g6 5. Nc3 Bg7 6. g3 O-O 7. Bg2 Nc6 8. O-O Nxd4 9. Qxd4 d6 10. Bg5 h6 11. Be3 Ng4 12. Qd2 Nxe3 13. Qxe3 Be6 14. b3 Rb8 15. Rac1 Qa5 16. Rfd1 Rfc8 17. a4 Kh7 18. h4 a6 19. Nd5 Bxd5 20. Rxd5 Qb4 21. h5 Bf6 22. hxg6+ fxg6 23. Be4 Rc5 24. Rcd1 b5 25. Rxc5 Qxc5 26. Qxc5 dxc5 27. cxb5 axb5 28. a5 Rc8 29. a6 Rc7 30. Bb7 c4 31. bxc4 bxc4 32. a7 c3 33. a8=Q c2 34. Rc1 Bb2 35. Qd8 Rxb7 36. Rxc2 Bf6 37. Rc8 h5 38. Qg8+ Kh6 39. Kg2 Rb2 40. e3 h4 41. gxh4 Rb4 42. Rc4 Rb5 43. Rg4 1-0


[Site "https://www.chess.com"]

[Event "Titled Tuesday Blitz December 13 Early 2022"]
[White "Rakhmatullaev, Almas"]
[Black "Zhalmakhanov, Ramazan"]
[WhiteFideId "14205793"]
[BlackFideId "13706357"]
[WhiteElo "2221"]
[BlackElo "2432"]
[Result "0-1"]
[Round "07"]
[TimeControl "180+1"]
[Date "2022.12.13"]
[WhiteClock "0:00:02"]
[BlackClock "0:00:21"]

1. e4 c5 2. c3 g6 3. d4 cxd4 4. cxd4 Bg7 5. Nc3 d6 6. Be3 Nf6 7. f3 O-O 8. Bd3 e5 9. dxe5 dxe5 10. Nge2 Nc6 11. O-O Be6 12. Rc1 Rc8 13. Bb1 Qa5 14. a3 Rfd8 15. Qe1 Nd4 16. Qf2 Ne8 17. Rfd1 Nb3 18. Rxd8 Rxd8 19. Rd1 Rxd1+ 20. Nxd1 b6 21. Ndc3 Nd6 22. Ba2 Qa6 23. Bxb3 Bxb3 24. Nc1 Be6 25. Qd2 Bf8 26. Bh6 Qc8 27. Bxf8 Qxf8 28. Nd3 Nc4 29. Qe2 Qd6 30. Nb5 Qd7 31. a4 a6 32. Nc3 Qd4+ 33. Nf2 Qc5 34. h4 h5 35. Kh2 Qe7 36. g3 Qd6 37. Qd3 Qc5 38. Qe2 Kg7 39. Nd3 Qd4 40. Nf2 a5 41. f4 exf4 42. gxf4 Ne3 43. Kg3 Bc4 44. Qf3 Qd2 45. f5 Qd6+ 46. Qf4 Nf1+ 47. Kf3 Nh2+ 48. Ke3 Qc5+ 49. Kd2 Nf1+ 50. Ke1 Ne3 51. f6+ Kh7 52. Qg5 Nc2+ 53. Kd1 Qxf2 54. e5 Ne3+ 55. Kc1 Qc2# 0-1


[Site "https://www.chess.com"]

[Event "Titled Tuesday Blitz December 13 Early 2022"]
[White "Ramu, K."]
[Black "Itkis, Boris"]
[WhiteFideId "5006171"]
[BlackFideId "1209167"]
[WhiteElo "2166"]
[BlackElo "2216"]
[Result "0-1"]
[Round "07"]
[TimeControl "180+1"]
[Date "2022.12.14"]
[WhiteClock "0:00:06"]
[BlackClock "0:00:09"]

1. e4 c5 2. Nf3 Nc6 3. d3 g6 4. g3 Bg7 5. Bg2 e6 6. O-O Nge7 7. Nbd2 O-O 8. Re1 d5 9. c3 b6 10. e5 a5 11. a3 Ba6 12. d4 Rc8 13. Nf1 Nf5 14. g4 Nh4 15. Nxh4 Qxh4 16. h3 Bh6 17. Be3 Bxf1 18. Bxf1 Bxe3 19. fxe3 Ne7 20. Qf3 f5 21. exf6 Rxf6 22. Qg2 Rcf8 23. Re2 g5 24. Qh2 Rf3 25. Bg2 Rf2 26. Rae1 Ng6 27. Qc7 Rxe2 28. Rxe2 Qh6 29. Qxb6 Nh4 30. Bh1 Qf6 31. Kh2 Rf7 32. Qd8+ Qxd8 33. c4 Qf6 34. cxd5 Qf1 35. Rc2 Nf3+ 36. Bxf3 Rxf3 37. Rg2 Rf2 38. Rxf2 Qxf2+ 39. Kh1 exd5 40. dxc5 Qf3+ 41. Kh2 Qxe3 0-1


[Site "https://www.chess.com"]

[Event "Titled Tuesday Blitz December 13 Early 2022"]
[White "Rangel, Daniel"]
[Black "Jiganchine, Roman"]
[WhiteFideId "2124475"]
[BlackFideId "2603667"]
[WhiteElo "2225"]
[BlackElo "2354"]
[Result "0-1"]
[Round "07"]
[TimeControl "180+1"]
[Date "2022.12.14"]
[WhiteClock "0:00:14"]
[BlackClock "0:00:03"]

1. d4 d5 2. c4 e6 3. Nc3 Nf6 4. Nf3 c5 5. cxd5 cxd4 6. Nxd4 Nxd5 7. Nxd5 Qxd5 8. e3 Bb4+ 9. Bd2 Bxd2+ 10. Qxd2 O-O 11. Rc1 e5 12. Nb5 Qxd2+ 13. Kxd2 Na6 14. Bd3 Rd8 15. Ke2 Be6 16. a3 Bd5 17. f3 Bc6 18. Rhd1 Rxd3 19. Kxd3 Bxb5+ 20. Ke4 f6 21. Rd6 Re8 22. Kf5 Nb8 23. Rc7 Bc6 24. b4 Na6 25. Rdxc6 bxc6 26. Rxa7 Nb8 27. a4 Kf8 28. a5 c5 29. b5 Rc8 30. Ra8 g6+ 31. Kxf6 Nd7+ 32. Ke6 Rxa8 33. a6 Nb6 34. Kxe5 c4 35. Kd4 Rc8 36. Kc3 Ke7 37. Kb4 Kd6 38. Ka5 Kc7 39. Kb4 Rb8 40. e4 Ra8 41. f4 Kd6 42. e5+ Kd5 43. Kc3 Kc5 44. g4 Kxb5 45. f5 Rxa6 46. e6 Nd5+ 47. Kd4 gxf5 48. gxf5 Nf6 49. Ke5 Ne8 50. Kd4 Nf6 51. Ke5 Ne8 52. Kd4 Kb4 53. Ke5 c3 54. f6 Nxf6 55. Kxf6 Rxe6+ 56. Kxe6 c2 57. Kf6 c1=Q 58. Kg7 Qd2 59. h4 Qf4 60. h5 h6 61. Kh7 Qg5 62. Kh8 Kc5 63. Kh7 Kd6 64. Kh8 Ke7 65. Kh7 Kf7 66. Kh8 Qg7# 0-1


[Site "https://www.chess.com"]

[Event "Titled Tuesday Blitz December 13 Early 2022"]
[White "Rian, Kapriaga"]
[Black "Krzywda, Andrzej"]
[WhiteFideId "7103263"]
[BlackFideId "1114565"]
[WhiteElo "2279"]
[BlackElo "2149"]
[Result "0-1"]
[Round "07"]
[TimeControl "180+1"]
[Date "2022.12.14"]
[WhiteClock "0:00:11"]
[BlackClock "0:00:34"]

1. d4 Nf6 2. Nf3 c5 3. e3 g6 4. Bd3 Bg7 5. O-O O-O 6. c3 b6 7. Nbd2 Bb7 8. Qe2 d6 9. a4 a6 10. b4 Nbd7 11. Ba3 Re8 12. Rfb1 Nd5 13. Rc1 e5 14. dxe5 dxe5 15. e4 Nf4 16. Qf1 Nf8 17. Bc4 cxb4 18. cxb4 Qf6 19. b5 axb5 20. axb5 N8e6 21. Bb4 Rad8 22. Ra7 Bc8 23. g3 Nh5 24. Bb3 Bf8 25. Bxf8 Rxf8 26. Qc4 Nc5 27. Qe2 Nxb3 28. Nxb3 Bg4 29. Kg2 Ng7 30. Rc6 Ne6 31. Qe3 Rd1 32. h3 Bxf3+ 33. Qxf3 Rg1+ 34. Kxg1 Qxf3 35. Nd2 Qd1+ 36. Nf1 Nd4 37. Rc3 Ne2+ 38. Kg2 Nxc3 39. Rc7 Nxb5 40. Rb7 Nd4 41. Rxb6 Qf3+ 42. Kg1 Ne2+ 43. Kh2 Qxf2+ 44. Kh1 Qg1# 0-1


[Site "https://www.chess.com"]

[Event "Titled Tuesday Blitz December 13 Early 2022"]
[White "Rodriguez Fontecha, Marcos"]
[Black "Hartikainen, Jarmo"]
[WhiteFideId "2256576"]
[BlackFideId "503134"]
[WhiteElo "2263"]
[BlackElo "2227"]
[Result "1-0"]
[Round "07"]
[TimeControl "180+1"]
[Date "2022.12.14"]
[WhiteClock "0:00:28"]
[BlackClock "0:00:05"]

1. Nf3 Nf6 2. d4 g6 3. Bf4 Bg7 4. Nc3 d5 5. Qd2 h6 6. O-O-O c6 7. Ne5 b5 8. f3 a5 9. e4 a4 10. a3 Bd7 11. exd5 Nxd5 12. Nxd5 cxd5 13. Bd3 g5 14. Bg3 Na6 15. h4 b4 16. hxg5 bxa3 17. bxa3 Qb6 18. Qf4 Be6 19. Kd2 Rc8 20. Rb1 Qc7 21. Bb5+ Kf8 22. Ng6+ Kg8 23. Qxc7 Nxc7 24. Nxe7+ Kf8 25. Nxc8 Nxb5 26. Rxb5 Bxc8 27. Re1 Bxd4 28. Rxd5 Bb2 29. c3 hxg5 30. Rd8+ Kg7 31. Be5+ f6 32. Bxf6+ Kxf6 33. Rxh8 1-0


[Site "https://www.chess.com"]

[Event "Titled Tuesday Blitz December 13 Early 2022"]
[White "Roebers, Jan"]
[Black "Vifleemskaia, Svetlana"]
[WhiteFideId "1007815"]
[BlackFideId "4129490"]
[WhiteElo "2165"]
[BlackElo "1930"]
[Result "1-0"]
[Round "07"]
[TimeControl "180+1"]
[Date "2022.12.14"]
[WhiteClock "0:02:01"]
[BlackClock "0:00:59"]

1. e4 d5 2. exd5 Nf6 3. Nf3 Bg4 4. Be2 Qxd5 5. O-O e5 6. Nc3 Qa5 7. d3 Be7 8. Bd2 Nbd7 9. h3 Bh5 10. a3 c6 11. b4 Qc7 12. Be3 O-O 13. Qd2 Nd5 14. Nxd5 cxd5 15. c4 d4 16. Bg5 f6 17. Bh4 g5 18. Bg3 Qd8 19. Nxd4 Bxe2 20. Nxe2 Nb6 21. Qc2 Rc8 22. c5 Nd5 23. d4 exd4 24. Nxd4 Qd7 25. Rad1 Kh8 26. Rfe1 Rcd8 27. Ne6 Rfe8 28. Nxd8 Rxd8 29. Rxd5 Qxd5 30. Rxe7 Qd1+ 31. Qxd1 Rxd1+ 32. Kh2 f5 33. Be5+ Kg8 34. Rxb7 Rd5 35. c6 1-0


[Site "https://www.chess.com"]